 Dungeon Crawl Stone Soup version 0.22-b1-21-g5cfc1688f2 (webtiles) character file.

272 Pisosu the Archer (level 6, 45/51 HPs)
             Began as a Centaur Hunter on Aug 6, 2018.
             Quit the game on level 4 of the Dungeon.
             The game lasted 00:08:13 (2994 turns).

Pisosu the Archer (Centaur Hunter)                  Turns: 2994, Time: 00:08:14

Health: 45/51      AC:  7    Str: 15    XL:     6   Next: 2%
Magic:  6/6        EV:  9    Int: 12    God:
Gold:   160        SH:  0    Dex:  9    Spells: 4/5 levels left

rFire    . . .     SeeInvis .   a - +1 shortbow
rCold    . . .     Gourm    .   (shield currently unavailable)
rNeg     . . .     Faith    .   c - +0 leather armour
rPois    .         Spirit   .   (no helmet)
rElec    .         Reflect  .   (no cloak)
rCorr    .         Harm     .   (no gloves)
MR       .....                  (no barding)
Stlth    +.........             t - amulet of magic regeneration
HPRegen  0.17/turn              s - +3 ring of protection
MPRegen  0.35/turn              (no ring)

@: mildly poisoned (45 -> 39), very quick
A: large, hooves 3, deformed body, speed 2, tough skin 3
a: no special abilities


You were on level 4 of the Dungeon.
You were not hungry.

You visited 1 branch of the dungeon, and saw 4 of its levels.

You collected 160 gold pieces.

Inventory:

Hand Weapons
 a - a +1 shortbow (weapon)
 b - a +0 short sword
Missiles
 d - 42 arrows (quivered)
Armour
 c - a +0 leather armour (worn)
Jewellery
 s - a +3 ring of protection (left hand)
 t - an amulet of magic regeneration (around neck)
 u - a +5 ring of evasion {unknown}
 v - an uncursed ring of positive energy {unknown}
 y - a cursed ring of teleportation {unknown}
Scrolls
 e - 4 scrolls of remove curse {unknown}
 i - 2 scrolls of fear {unknown}
 j - 6 scrolls of identify {unknown}
 l - 2 scrolls of blinking {unknown}
 m - a scroll of noise {unknown}
 r - 2 scrolls of teleportation {unknown}
 A - a scroll of fog {unknown}
Potions
 g - a potion of degeneration {unknown}
 h - a potion of lignification {unknown}
 k - 2 potions of curing {unknown}
 n - 2 potions of mutation {unknown}
 o - a potion of magic {unknown}
 p - a potion of brilliance {unknown}
 q - a potion of cancellation {unknown}
 w - a potion of ambrosia {unknown}
 z - a potion of heal wounds {unknown}
Comestibles
 f - 6 rations
 x - 2 chunks of flesh


   Skills:
 + Level 3.0 Fighting
 + Level 9.0 Bows
 - Level 1.3 Dodging
 - Level 0.4 Stealth
 + Level 0.4 Unarmed Combat


You had 4 spell levels left.
You knew the following spells:

 Your Spells              Type           Power        Failure   Level  Hunger
a - Beastly Appendage     Tmut           #.....       38%         1    ##.....

Your spell library contained the following spells:

 Spells                   Type           Power        Failure   Level  Hunger
 Lightning Bolt           Conj/Air       #.........   100%        5    ######.
 Summon Small Mammal      Summ           #...         38%         1    ##.....
 Summon Ice Beast         Ice/Summ       #.......     99%         4    #####..
 Call Imp                 Summ           #.......     52%         2    ###....
 Shock                    Conj/Air       #...         38%         1    ##.....
 Swiftness                Chrm/Air       #.......     52%         2    ###....
 Spider Form              Tmut/Pois      #.........   77%         3    ####...
 Blade Hands              Tmut           #.........   100%        5    ######.
 Ice Form                 Ice/Tmut       #.......     99%         4    #####..
 Airstrike                Air            #.........   99%         4    #####..
 Sticks to Snakes         Tmut           #.......     52%         2    ###....
 Call Canine Familiar     Summ           #.......     77%         3    ####...
 Static Discharge         Conj/Air       #.......     77%         3    ####...
 Summon Lightning Spire   Summ/Air       #.......     99%         4    #####..
 Summon Guardian Golem    Hex/Summ       #.......     77%         3    ####...


Dungeon Overview and Level Annotations

Branches:
Dungeon (4/15)
 Temple: D:4-7

Altars:
Ru

Shops:
D:4 :


Innate Abilities, Weirdness & Mutations

You have hooves in place of feet.
Armour fits poorly on your strangely shaped body.
You cover ground very quickly.
You have extremely tough skin. (AC +3)


Message History

The adder bites you but does no damage.
Firing (i - inventory)
d - 45 arrows (quivered)
Press: ? - help, Shift-Dir - straight line, f/p - adder
Aim: an adder (almost dead)
You shoot an arrow. The arrow misses the adder.
The adder barely misses you. The adder bites you but does no damage.
Firing (i - inventory)
d - 44 arrows (quivered)
Press: ? - help, Shift-Dir - straight line, f/p - adder
Aim: an adder (almost dead)
You shoot an arrow. The arrow closely misses the adder.
The adder bites you.
You are more poisoned.
The adder poisons you!
Firing (i - inventory)
d - 43 arrows (quivered)
Press: ? - help, Shift-Dir - straight line, f/p - adder
Aim: an adder (almost dead)
You shoot an arrow.
The arrow hits the adder but does no damage.
The adder is almost dead.
You feel sick. The adder misses you.
Are you sure you want to abandon this character and quit the game? (Confirm with "yes".)

..######.### ..# #.#
..# #.# #.#
###.#########
#.####...........##
#.................##
...................#
.###...............#
................@..#
.##.............S..#
.###.....#.........#
.# #.....##.....(.##
####.....#......(..
....†....#.........#
#.#......#....(....#
..#).....#....($(..#
.#.).....#


You could see an adder.

Vanquished Creatures
  2 hounds (D:4)
  An orc priest (D:4)
  An orc wizard (D:4)
  A bullfrog skeleton (D:4)
  An iguana (D:4)
  An adder (D:2)
  A howler monkey skeleton (D:4)
  2 oozes
  2 worms
  2 dart slugs (D:1)
  A leopard gecko (D:4)
  5 orcs
  A giant cockroach (D:4)
  7 goblins
  7 hobgoblins
  6 jackals (D:2)
  A ball python (D:4)
  5 bats
  5 frilled lizards
  6 kobolds
  A leopard gecko skeleton (D:4)
  8 rats
67 creatures vanquished.

Notes
Turn   | Place    | Note
-------+----------+-------------------------------------------
     0 | D:1      | Pisosu the Centaur Hunter began the quest for the Orb.
     0 | D:1      | Reached XP level 1. HP: 17/17 MP: 1/1
    59 | D:1      | Reached XP level 2. HP: 14/24 MP: 2/2
   247 | D:1      | Reached skill level 6 in Bows
   855 | D:2      | Learned a level 1 spell: Beastly Appendage
   947 | D:2      | Reached XP level 3. HP: 29/29 MP: 3/3
  1506 | D:2      | Reached skill level 7 in Bows
  1616 | D:3      | Reached XP level 4. HP: 37/37 MP: 4/4
  2493 | D:4      | Reached skill level 8 in Bows
  2493 | D:4      | Reached XP level 5. HP: 40/42 MP: 5/5
  2495 | D:4      | Found Biucemm's Book Emporium.
  2769 | D:4      | Found a sacrificial altar of Ru.
  2810 | D:4      | Reached skill level 9 in Bows
  2874 | D:4      | Reached XP level 6. HP: 51/51 MP: 6/6
  2994 | D:4      | Quit the game

Skill      XL: |  1  2  3  4  5 |
---------------+----------------+-----
Bows           | 6 7 8 9 |  9.0
Fighting       | 3 |  3.0
Dodging        | |  1.3
Stealth        | |  0.4
Unarmed Combat | |  0.4

Action                   |  1- 3 |  4- 6 || total
-------------------------+-------+-------++-------
Melee: Unarmed           |    28 |       ||    28
       Kick              |     7 |       ||     7
 Fire: Shortbow          |    84 |   108 ||   192
  Eat: Chunk             |     1 |     3 ||     4
Armor: Leather armour    |    14 |    19 ||    33
Dodge: Dodged            |    24 |    14 ||    38
